 Dungeon Crawl Stone Soup version 0.13-a0-2676-gd993d8a (webtiles) character file.

4813 Kae the Conjurer (level 10, -1/50 HPs)
             Began as a Deep Elf Ice Elementalist on Aug 12, 2013.
             Was an Elder of Vehumet.
             Slain by a killer bee (9 damage)
             ... on Level 9 of the Dungeon.
             The game lasted 00:22:03 (11988 turns).

Kae the Conjurer (Deep Elf Ice Elementalist)       Turns: 11988, Time: 00:22:04

HP  -1/50        AC  4     Str  7      XL: 10   Next: 11%
MP  14/30        EV 13     Int 25      God: Vehumet [****..]
Gold 522         SH  0     Dex 15      Spells:  5 memorised, 17 levels left

Res.Fire  : . . .   See Invis. : .   f - +5,+1 elf whip (reach)
Res.Cold  : . . .   Warding    : .   a - +0 elf robe
Life Prot.: + . .   Conserve   : .   (no shield)
Res.Poison: .       Res.Corr.  : .   (no helmet)
Res.Elec. : .       Clarity    : .   w - +0 cloak
Sust.Abil.: . .     Spirit.Shd : .   I - +0 pair of gauntlets
Res.Mut.  : .       Stasis     : .   (no boots)
Res.Rott. : .       Flight     : .   F - cursed amulet of rage
Saprovore : . . .                    G - +3 ring of intelligence
                                     u - ring of positive energy

@: somewhat resistant to hostile enchantments, fairly stealthy
A: no striking features
a: Renounce Religion, Evoke Berserk Rage


You were on level 9 of the Dungeon.
You worshipped Vehumet.
Vehumet was extremely pleased with you.
You were not hungry.

You visited 2 branches of the dungeon, and saw 10 of its levels.

You collected 580 gold pieces.
You spent 78 gold pieces at shops.

Inventory:

Hand weapons
 f - a +5,+1 elven whip of reaching (weapon)
Missiles
 k - 101 darts (quivered)
 J - 11 exploding darts
Armour
 a - a +0 elven robe (worn)
 w - a +0 cloak (worn)
 I - a +0 pair of gauntlets (worn)
Magical devices
 i - a wand of fire (6)
 j - a wand of polymorph (3)
 v - a wand of random effects (8)
 y - a wand of teleportation (2) {unknown}
Comestibles
 c - 7 bread rations
 l - 3 chunks of hippogriff flesh
 o - 5 pears
 r - a choko
 A - 3 meat rations
Scrolls
 e - a scroll of teleportation
 g - 2 scrolls of remove curse
 p - a scroll of fog
 q - a scroll of fear
 t - a scroll of identify
 x - a scroll of enchant armour {unknown}
 D - a scroll of magic mapping
Jewellery
 m - a cursed ring of teleportation
 u - a ring of positive energy (left hand)
 F - a cursed amulet of rage (around neck)
 G - a +3 ring of intelligence (right hand)
Potions
 d - 5 potions of restore abilities
 h - 5 potions of curing
 n - 4 potions of heal wounds
 s - a potion of brilliance
 B - a potion of magic {unknown}
Books
 b - a book of Frost

   Spells                             Type                      Level
   *Freeze                            Ice                          1
   *Throw Frost                       Conjuration/Ice              2
   *Ozocubu's Armour                  Charms/Ice                   3
   *Throw Icicle                      Conjuration/Ice              4
   Summon Ice Beast                   Ice/Summoning                4
   Condensation Shield                Ice                          4


   Skills:
 - Level 2.4 Dodging
 - Level 2.4 Stealth
 + Level 9.7 Spellcasting
 * Level 11.2 Conjurations
 + Level 8.7 Ice Magic


You had 17 spell levels left.
You knew the following spells:

 Your Spells              Type           Power        Failure   Level  Hunger
a - Freeze                Ice            ####         1%          1    None
b - Throw Frost           Conj/Ice       ######       1%          2    None
c - Ozocubu's Armour      Chrm/Ice       ####......   2%          3    None
d - Throw Icicle          Conj/Ice       ######..     1%          4    #......
e - Flame Tongue          Conj/Fire      #####        1%          1    None


Dungeon Overview and Level Annotations

Branches:
Dungeon (9/27)             Temple (1/1) D:4
    Orc: D:6-11        Lair: D:8-13

Altars:
Ashenzari
Cheibriados
Elyvilon
Fedhas
Kikubaaqudgha
Makhleb
Nemelex Xobeh
Okawaru
Sif Muna
Trog
Vehumet
Xom
Yredelemnul
Zin
the Shining One

Shops:
D:9: !


Message History

Confirm with . or Enter, or press ? or * to list all spells.
Aiming: Freeze
Press: ? - help, Shift-Dir - straight line, f/p - killer bee
Aim: a killer bee (heavily wounded)
You freeze the killer bee.
The killer bee is heavily wounded.
The killer bee misses you.
The centaur unwields an uncursed bow.
The centaur closely misses you. The killer bee stings you.
* * * LOW HITPOINT WARNING * * *
Casting: Freeze
Confirm with . or Enter, or press ? or * to list all spells.
Aiming: Freeze
Press: ? - help, Shift-Dir - straight line, f/p - killer bee
Aim: a killer bee (heavily wounded)
You freeze the killer bee.
The killer bee is severely wounded.
The centaur hits you.
* * * LOW HITPOINT WARNING * * *
The killer bee stings you!
You die...

# #........# . #
#........#
######........##########.
.........................
.........................
..........................
.........................[
.........)......%.........
................@k........
.................c.......
.........................
####### ################.
# # ##################
.........<........
..................


You could see a centaur and a killer bee.

Vanquished Creatures
  A wyvern (D:8)
  Eustachio (D:5)
  A hungry ghost (D:8)
  A hippogriff (D:9)
  Menkaure (D:7)
  The ghost of tesudzi the Covert, an average KoAs (D:4)
  3 orc warriors
  2 phantoms
  8 ogres
  2 giant frogs
  10 killer bees
  9 wights (D:7)
  A goliath beetle (D:6)
  6 crimson imps
  2 orc priests
  A quasit (D:5)
  A hound (D:8)
  6 worker ants
  2 iguanas (D:5)
  9 orc wizards
  Ijyb (D:4)
  Jessica (D:8)
  An ogre zombie (D:4)
  A hound zombie (D:7)
  2 mummies (D:8)
  3 jellies
  2 hound skeletons
  7 gnolls
  2 worker ant zombies
  12 adders
  A lemure (D:5)
  A white imp (D:5)
  4 worms
  3 giant mites
  2 inept feature mimics
  An adder skeleton (D:7)
  An adder zombie (D:5)
  An iguana skeleton (D:4)
  3 oozes
  7 giant geckos
  31 orcs
  A ball python (D:6)
  2 giant cockroaches
  11 goblins
  14 hobgoblins
  17 jackals
  13 kobolds
  8 quokkas
  18 bats
  7 giant newts
  A goblin skeleton (D:4)
  A hobgoblin zombie (D:6)
  2 kobold skeletons
  2 kobold zombies
  17 rats
  2 rat skeletons (D:4)
271 creatures vanquished.

Vanquished Creatures (others)
  A rat (D:3)
1 creature vanquished.

Grand Total: 272 creatures vanquished

Notes
Turn   | Place    | Note
--------------------------------------------------------------
     0 | D:1      | Kae, the Deep Elf Ice Elementalist, began the quest for the Orb.
     0 | D:1      | Reached XP level 1. HP: 10/10 MP: 4/4
   186 | D:1      | Reached XP level 2. HP: 15/15 MP: 7/7
   190 | D:1      | Learned a level 2 spell: Throw Frost
   807 | D:2      | Reached XP level 3. HP: 13/19 MP: 5/9
   891 | D:2      | Reached skill level 4 in Ice Magic
  1032 | D:2      | Reached XP level 4. HP: 24/24 MP: 2/12
  1656 | D:3      | Learned a level 3 spell: Ozocubu's Armour
  2147 | D:3      | Reached XP level 5. HP: 24/28 MP: 16/16
  3176 | D:4      | Learned a level 4 spell: Throw Icicle
  3766 | D:4      | Found a staircase to the Ecumenical Temple.
  3776 | Temple   | Entered the Ecumenical Temple
  3850 | Temple   | Became a worshipper of Vehumet
  4239 | D:4      | Noticed an ogre
  4272 | D:4      | Killed an ogre
  4272 | D:4      | Reached skill level 5 in Conjurations
  4272 | D:4      | Reached XP level 6. HP: 32/32 MP: 5/19
  4558 | D:4      | Reached skill level 5 in Ice Magic
  4730 | D:4      | Noticed Ijyb
  4736 | D:4      | Killed Ijyb
  5000 | D:4      | Paralysed by a giant eyeball for 3 turns
  5155 | D:4      | Acquired Vehumet's first power
  5155 | D:4      | Offered knowledge of Flame Tongue by Vehumet.
  5390 | D:4      | Noticed tesudzi's ghost (average KoAs)
  5402 | D:4      | Killed tesudzi's ghost
  5402 | D:4      | Reached skill level 5 in Spellcasting
  5402 | D:4      | Reached XP level 7. HP: 27/36 MP: 12/21
  5456 | D:4      | Learned a level 1 spell: Flame Tongue
  5573 | D:5      | Entered Level 5 of the Dungeon
  5589 | D:5      | Reached skill level 6 in Conjurations
  5758 | D:5      | Found a sparkling altar of Nemelex Xobeh.
  5758 | D:5      | Found an iron altar of Okawaru.
  5801 | D:5      | Noticed Eustachio
  5815 | D:5      | Killed Eustachio
  5815 | D:5      | Reached skill level 7 in Conjurations
  6049 | D:5      | Reached XP level 8. HP: 23/41 MP: 20/24
  7334 | D:5      | Reached skill level 8 in Conjurations
  7644 | D:6      | Offered knowledge of Searing Ray by Vehumet.
  8144 | D:6      | Reached skill level 9 in Conjurations
  8152 | D:6      | Reached XP level 9. HP: 16/45 MP: 2/27
  8618 | D:7      | Noticed Menkaure
  8801 | D:7      | Offered knowledge of Static Discharge by Vehumet.
  9184 | D:7      | Found a snail-covered altar of Cheibriados.
  9225 | D:7      | Acquired Vehumet's second power
  9818 | D:7      | Found a shimmering altar of Xom.
  9976 | D:7      | Reached skill level 10 in Conjurations
 10066 | D:7      | Offered knowledge of Iskenderun's Battlesphere by Vehumet.
 10557 | D:7      | Killed Menkaure
 10853 | D:8      | Acquired Vehumet's third power
 11058 | D:8      | Offered knowledge of Lee's Rapid Deconstruction by Vehumet.
 11389 | D:8      | Noticed Jessica
 11394 | D:8      | Killed Jessica
 11401 | D:8      | Found a deep blue altar of Sif Muna.
 11538 | D:8      | Reached skill level 11 in Conjurations
 11552 | D:8      | Reached XP level 10. HP: 20/50 MP: 14/29
 11783 | D:9      | Found Tous Hacef's Distillery.
 11801 | D:9      | Bought a potion of heal wounds for 39 gold pieces
 11801 | D:9      | Bought a potion of heal wounds for 39 gold pieces
 11988 | D:9      | Slain by a killer bee

Action                   |  1- 3 |  4- 6 |  7- 9 | 10-12 || total
-------------------------+-------+-------+-------+-------++-------
Melee: Unarmed           |     7 |    25 |       |       ||    32
       Whip              |       |    68 |   136 |       ||   204
 Cast: Freeze            |    51 |   118 |   154 |     4 ||   327
       Throw Frost       |       |    14 |   153 |    29 ||   196
       Throw Icicle      |       |     5 |     2 |       ||     7
       Ozocubu's Armour  |       |     1 |     1 |       ||     2
       Flame Tongue      |       |       |    83 |     1 ||    84
Evoke: Wand              |       |     2 |     4 |       ||     6
  Use: Scroll            |       |     7 |    13 |       ||    20
       Potion            |       |       |     6 |       ||     6
 Stab: Sleeping          |       |     4 |     3 |       ||     7
       Distracted        |       |     1 |     1 |       ||     2
